[gd_scene load_steps=22 format=2]

[ext_resource path="res://gameplay/entity/creature/Creature.tscn" type="PackedScene" id=1]
[ext_resource path="res://gameplay/entity/monster/pursuer/Pursuer.tscn" type="PackedScene" id=2]
[ext_resource path="res://gameplay/ability/Ability.tscn" type="PackedScene" id=3]
[ext_resource path="res://gameplay/property/ai/RandomWalk.tscn" type="PackedScene" id=4]
[ext_resource path="res://gameplay/property/lifeform/Organic.tscn" type="PackedScene" id=5]
[ext_resource path="res://gameplay/property/ai/striker/Striker.tscn" type="PackedScene" id=6]
[ext_resource path="res://gameplay/property/lifeform/Living.tscn" type="PackedScene" id=7]
[ext_resource path="res://gameplay/command/SelectTile.gd" type="Script" id=8]
[ext_resource path="res://gameplay/command/OnTarget.gd" type="Script" id=9]
[ext_resource path="res://gameplay/command/NewEffect.gd" type="Script" id=10]
[ext_resource path="res://gameplay/entity/creature/spider/WebImmunity.tscn" type="PackedScene" id=11]
[ext_resource path="res://asset/sprite/colored_transparent_packed.png" type="Texture" id=12]
[ext_resource path="res://gameplay/common/MovementProfile.gd" type="Script" id=13]
[ext_resource path="res://gameplay/entity/creature/spider/StickyWeb.tscn" type="PackedScene" id=14]
[ext_resource path="res://gameplay/ability/Walk.tscn" type="PackedScene" id=15]
[ext_resource path="res://gameplay/command/OnEnvironment.gd" type="Script" id=16]

[sub_resource type="AtlasTexture" id=1]
atlas = ExtResource( 12 )
region = Rect2( 448, 80, 16, 16 )

[sub_resource type="Resource" id=2]
resource_local_to_scene = true
resource_name = "MovementProfile"
script = ExtResource( 13 )
mask = 17
operation = 0

[sub_resource type="Resource" id=3]
resource_name = "MovementProfile"
script = ExtResource( 13 )
mask = 1
operation = 0

[sub_resource type="Resource" id=4]
resource_name = "MovementProfile"
script = ExtResource( 13 )
mask = 1
operation = 0

[sub_resource type="Resource" id=5]
resource_name = "MovementProfile"
script = ExtResource( 13 )
mask = 0
operation = 0

[node name="Spider" groups=[
"monster",
] instance=ExtResource( 1 )]
modulate = Color( 0.705882, 0.678431, 0.266667, 1 )
texture = SubResource( 1 )
entity_name = "Demon Spider"
movement_profile = SubResource( 2 )

[node name="Destructible" parent="." index="2"]
max_hp = 4

[node name="Living" parent="." index="3" instance=ExtResource( 7 )]

[node name="Organic" parent="." index="4" instance=ExtResource( 5 )]

[node name="WebShooter" parent="." index="5" instance=ExtResource( 6 )]
INFO = "web"
strike_chance = 50

[node name="Ability" parent="WebShooter" index="0" instance=ExtResource( 3 )]
is_action = true

[node name="SelectTile" type="Node" parent="WebShooter/Ability" index="0"]
script = ExtResource( 8 )
RANGE = 6
movement_profile = SubResource( 3 )

[node name="OnEnvironment" type="Node" parent="WebShooter/Ability" index="1"]
script = ExtResource( 16 )

[node name="SpawnWeb" type="Node" parent="WebShooter/Ability/OnEnvironment" index="0"]
script = ExtResource( 10 )
effect_type = "SpawnEffect"
tile = 1
direction = 0
scene = ExtResource( 14 )
node_path = 0
trait/controlled = false
trait/auto_spill = true

[node name="Biter" parent="." index="6" instance=ExtResource( 6 )]
INFO = "bite (IMPACT 1)"

[node name="Ability" parent="Biter" index="0" instance=ExtResource( 3 )]
is_action = true

[node name="SelectTile" type="Node" parent="Biter/Ability" index="0"]
script = ExtResource( 8 )
movement_profile = SubResource( 4 )

[node name="OnTarget" type="Node" parent="Biter/Ability" index="1"]
script = ExtResource( 9 )
movement_profile = SubResource( 5 )

[node name="BiteEffect" type="Node" parent="Biter/Ability/OnTarget" index="0"]
script = ExtResource( 10 )
effect_type = "EnergyEffect"
value = 0
value_constant = 1
trait/impact = true
trait/fire = false
trait/shock = false
trait/life = false

[node name="Pursuer" parent="." index="7" instance=ExtResource( 2 )]

[node name="Walk" parent="Pursuer" index="0" instance=ExtResource( 15 )]

[node name="RandomWalk" parent="." index="8" instance=ExtResource( 4 )]

[node name="Walk" parent="RandomWalk" index="0" instance=ExtResource( 15 )]

[node name="WebImmunity" parent="." index="9" instance=ExtResource( 11 )]
